 Dungeon Crawl Stone Soup version 0.31.0-7-gf635a9b802 (webtiles) character file.

Game seed: 3275543644360390588

41423 zenocrate the Covert (level 14, -13/65 HPs)
             Began as a Vine Stalker Enchanter on Jan 23, 2024.
             Was an Initiate of Gozag.
             Collided with a briar patch (16 damage)
             ... after being knocked back by a swamp worm
             ... on level 4 of the Lair of Beasts.
             The game lasted 00:24:03 (13566 turns).

zenocrate the Covert (Vine Stalker Enchanter)      Turns: 13566, Time: 00:24:04

Health: -13/65     AC: 16    Str: 11    XL:     14   Next: 15%
Magic:  0/21       EV: 31    Int: 26    God:    Gozag
Gold:   1274       SH:  0    Dex: 20    Spells: 11/21 levels left

rFire   . . .        a - +3 short sword (drain)
rCold   . . .        U - orb {guile}
rNeg    . . .        z - +1 swamp dragon scales
rPois   +            o - +1 helmet
rElec   .            e - +0 cloak
rCorr   .            r - +0 pair of gloves
SInv    .            i - +2 pair of boots {Fly}
Will    .....        q - amulet of the acrobat
Stlth   ++++++       n - +6 ring of intelligence
HPRegen 1.10/turn    E - ring of Moibesko {Will+ Int+5 Stlth+}
MPRegen 0.17/turn

%: acrobat, guardian spirit
@: gold aura, acrobatic, flying, slowed, very slow
A: fangs 3, regeneration 1, magic shield, antimagic bite, no potion heal 2
a: Renounce Religion, Potion Petition, Call Merchant, Bribe Branch


You were on level 4 of the Lair of Beasts.
You worshipped Gozag.
Gozag was most pleased with you.
You visited 3 branches of the dungeon, and saw 16 of its levels.

You collected 3698 gold pieces.
You spent 1689 gold pieces at shops.
You paid 735 gold pieces to Gozag.

Inventory:

Hand Weapons
 a - a +3 short sword of draining (weapon)
 b - a +1 short sword of holy wrath
 Z - a +0 rapier
Missiles
 u - 7 boomerangs
 w - 33 poisoned darts (quivered)
 x - 6 silver javelins
 I - 4 javelins
 N - a throwing net
 P - a curare-tipped dart
Armour
 e - a +0 cloak (worn)
 i - a +2 pair of boots of flying (worn)
 o - a +1 helmet (worn)
 r - a +0 pair of gloves (worn)
 z - +1 swamp dragon scales (worn)
 B - the +4 ring mail of Fyexiym {Rampage}
   (You found it on level 5 of the Dungeon)

   Rampage:   It bestows one free step when moving towards enemies.
 O - +0 acid dragon scales
 U - an orb of guile (worn)
Jewellery
 h - a +4 ring of protection
 n - a +6 ring of intelligence (left hand)
 p - a ring of resist corrosion
 q - an amulet of the acrobat (around neck)
 E - the ring of Moibesko (right hand) {Will+ Int+5 Stlth+}
   (You bought it in a shop on level 4 of the Dungeon)

   [ring of willpower]

   Int+5:     It affects your intelligence (+5).
   Will+:     It increases your willpower.
   Stlth+:    It makes you more stealthy.
Wands
 f - a wand of light (2)
 y - a wand of charming (8)
 F - a wand of flame (19)
 K - a wand of roots (11)
 X - a wand of digging (11)
Scrolls
 d - a scroll of teleportation
 g - 2 scrolls of blinking
 j - a scroll of acquirement {unknown}
 v - 2 scrolls of amnesia {unknown}
 A - 2 scrolls of immolation {unknown}
 G - 2 scrolls of fear {unknown}
 J - a scroll of silence {unknown}
 L - a scroll of noise {unknown}
 S - a scroll of revelation {unknown}
 Y - a scroll of poison {unknown}
Potions
 c - 3 potions of invisibility
 k - 7 potions of curing
 l - 4 potions of enlightenment
 s - 2 potions of ambrosia
 t - a potion of berserk rage
 C - a potion of might
 H - 2 potions of mutation
 M - 3 potions of brilliance
 V - 2 potions of haste {unknown}
 W - 2 potions of lignification {unknown}
Miscellaneous
 D - a phial of floods


   Skills:
 - Level 3.0 Fighting
 + Level 10.9 Short Blades
 - Level 3.1 Armour
 + Level 10.5 Dodging
 + Level 14.3 Stealth
 - Level 4.1 Spellcasting
 + Level 11.2 Hexes
 - Level 4.0 Ice Magic
 + Level 3.7 Evocations


You had 11 spell levels left.
You knew the following spells:

 Your Spells              Type           Power      Damage    Failure   Level
a - Ensorcelled Hibernat  Hex/Ice        90%        N/A       1%          2
b - Confusing Touch       Hex            59%        N/A       1%          3
c - Tukima's Dance        Hex            59%        N/A       1%          3
x - Blink                 Tloc           10%        N/A       28%         2

Your spell library contained the following spells:

 Spells                   Type           Power      Damage    Failure   Level
 Dazzling Flash           Conj/Hex       68%        N/A       5%          3
 Frozen Ramparts          Ice            52%        1d8       11%         3
 Foxfire                  Conj/Fire      20%        2x1d5     19%         1
 Magic Dart               Conj           20%        1d4       19%         1
 Metabolic Englaciation   Hex/Ice        22%        N/A       22%         5
 Call Imp                 Summ           10%        N/A       28%         2
 Lesser Beckoning         Tloc           10%        N/A       28%         2
 Momentum Strike          Conj/Tloc      10%        3d8       28%         2
 Searing Ray              Conj           10%        2d4       28%         2
 Silence                  Hex/Air        17%        N/A       45%         5
 Gell's Gravitas          Tloc           5%         N/A       50%         3
 Passwall                 Erth           5%         N/A       50%         3
 Swiftness                Air            5%         N/A       50%         3
 Teleport Other           Tloc           5%         N/A       50%         3
 Fulminant Prism          Conj/Alch      2%         3d5       88%         4
 Leda's Liquefaction      Alch/Erth      2%         N/A       88%         4
 Passage of Golubria      Tloc           5%         N/A       88%         4
 Petrify                  Alch/Erth      5%         N/A       88%         4
 Plasma Beam              Fire/Air       2%         2x1d12    100%        6
 Starburst                Conj/Fire      2%         6d3       100%        6
 Lehudib's Crystal Spear  Conj/Erth      2%         10d2      100%        8


Dungeon Overview and Level Annotations

Branches:
Dungeon (10/15)            Temple (1/1) D:5            Lair (5/5) D:10
  Swamp (0/4) Lair:2       Spider (0/4) Lair:2        Slime (0/5) Lair:4
    Orc (0/2) D:10

Altars:
Ashenzari
Cheibriados
Dithmenos
Elyvilon
Fedhas
Gozag
Hepliaklqana
Kikubaaqudgha
Makhleb
Nemelex Xobeh
Okawaru
Qazlal
Ru
Sif Muna
Trog
Uskayaw
Vehumet
Wu Jian
Xom
Yredelemnul
Zin
The Shining One
Jiyva

Shops:
D:4 [=   D:6 [   Lair:1 [

Annotations:
D:6 2 transporters, middlethird's ghost, amateur VSFE
D:7 2 transporters, shadowrider38's ghost, novice MiFi
Lair:3 zenocrate's ghost, journeyman VSEn
Lair:4 1 transporter


Innate Abilities, Weirdness & Mutations

You have razor-sharp teeth.
Your natural rate of healing is unusually fast.
When hurt, damage is shared between your health and your magic reserves.
Your bite disrupts and absorbs the magic of your enemies.
Potions cannot restore your health.


Message History

The swamp worm fires a harpoon shot at you.
The harpoon shot misses you.
Unknown command.
You hit the briar patch. You bite the briar patch. You drain its power.
The briar patch is severely damaged.
You feel sick.
Unknown command.
You hit the briar patch but do no damage.
You bite the briar patch. You drain its power.
The briar patch is severely damaged.
You feel sick.
You are no longer poisoned.
The swamp worm fires a harpoon shot at you.
The harpoon shot hits you but does no damage.
You hit the briar patch.
You destroy the briar patch!
Unknown command.
The swamp worm fires a harpoon shot at you.
The harpoon shot hits you.
You are yanked forward by the harpoon shot.
You collide with the briar patch!
The briar patch is severely damaged.
* * * LOW HITPOINT WARNING * * *
The swamp worm fires a harpoon shot at you.
The harpoon shot misses you.
The swamp worm fires a harpoon shot at you.
The harpoon shot misses you.
Okay, then.
You reach down and open the door.
You are engulfed in dark miasma.
You feel as though you will be slow longer.
* * * LOW HITPOINT WARNING * * *
Unknown command.
The swamp worm fires a harpoon shot at you.
The harpoon shot hits you!
* * * LOW HITPOINT WARNING * * *
You are yanked forward by the harpoon shot.
You collide with the briar patch!
The briar patch is severely damaged.
You die...
Your body crumbles into a pile of gold.

##.....###..###P©P###.##
#......#...##≈.^P§♣#.#
###........#$≈P^P§##.#
#.#.......##≈P^P≈w#.##
####......#♣§P^○###..#
##.....###§^P≈w#..#
#...##.#$§P^P≈##..## #
###....##≈.°P≈w#...# ##
###....####@####..P# .#
#.(......#?$/#..#.##
.#######......#[©=#....##
.#.##P##....#.#####..P..#
...........#....©....P.##
............#.#P#....###
.....#PP...#.#####..##
.P#####....#.##.##...#
P.# ##..>..........##


You could see 3 swamp worms.

Vanquished Creatures
  Nessos (Lair:5)
  2 hydras
  A catoblepas (Lair:1)
  Erica (D:9)
  2 two-headed ogres
  7 death yaks
  Urug (Lair:4)
  A skyshark (Lair:5)
  2 bog bodies (Lair:2)
  A lindwurm (Lair:3)
  Maurice (D:10)
  11 elephants
  An oklob plant (Lair:4)
  A meliai (Lair:2)
  6 cane toads
  5 black mambas
  A rime drake (Lair:2)
  Maggie (D:9)
  7 komodo dragons
  4 polar bears
  A troll (D:9)
  2 hornets (D:9)
  Prince Ribbit (D:9)
  14 blink frogs
  Sigmund (D:2)
  3 shadows
  42 yaks
  4 wyverns
  A basilisk (Lair:3)
  A steam dragon (D:6)
  2 vampire mosquitoes (D:9)
  2 swamp worms (Lair:4)
  3 acid dragons (D:10)
  Edmund (D:4)
  13 water moccasins
  2 orc warriors
  4 black bears
  A sky beast (D:8)
  23 wolves
  3 centaurs
  2 phantoms
  3 kobold brigands
  14 bullfrogs
  A gnoll sergeant (D:8)
  A scorpion (D:10)
  14 wights
  10 killer bees
  6 howler monkeys
  A bombardier beetle (D:6)
  2 hounds
  A gnoll bouda (D:9)
  4 orc priests
  4 iguanas
  2 sleepcaps
  6 orc wizards
  Natasha (twice) (D:3)
  Robin (D:3)
  8 gnolls
  5 adders
  2 shadow imps
  12 white imps
  4 dart slugs
  2 ribbon worms
  21 orcs
  5 bats
  11 endoplasms
  4 giant cockroaches
  14 goblins
  7 hobgoblins
  2 jackals (D:5)
  18 kobolds
  A quokka (D:2)
  4 ball pythons
  3 frilled lizards
  5 rats
383 creatures vanquished.

Notes
Turn   | Place    | Note
-------+----------+-------------------------------------------
     0 | D:1      | zenocrate the Vine Stalker Enchanter began the quest for
                  | the Orb.
     0 | D:1      | Reached XP level 1. HP: 9/9 MP: 4/4
    64 | D:1      | Reached skill level 1 in Short Blades
   280 | D:1      | Reached XP level 2. HP: 13/13 MP: 6/6
   283 | D:1      | Learned a level 2 spell: Ensorcelled Hibernation
   691 | D:2      | Reached skill level 4 in Stealth
   691 | D:2      | Reached XP level 3. HP: 16/16 MP: 3/7
   695 | D:2      | Learned a level 3 spell: Confusing Touch
   749 | D:2      | Noticed Sigmund
   831 | D:2      | Killed Sigmund
   832 | D:2      | Reached skill level 1 in Ice Magic
   832 | D:2      | Reached XP level 4. HP: 11/21 MP: 1/8
   832 | D:2      | Reached XP level 5. HP: 13/24 MP: 1/9
  1241 | D:2      | Learned a level 3 spell: Tukima's Dance
  1499 | D:3      | Found a bloodstained altar of Trog.
  1537 | D:3      | Noticed Robin
  1574 | D:3      | HP: 1/24 [poisoned by a goblin]
  1579 | D:3      | HP: 1/24 [poisoned by a goblin]
  1584 | D:3      | Killed Robin
  1585 | D:3      | Reached XP level 6. HP: 6/28 MP: 8/10
  1682 | D:3      | Found an ancient bone altar of Kikubaaqudgha.
  1760 | D:3      | Noticed Natasha
  1765 | D:3      | Killed Natasha
  2180 | D:3      | Noticed Natasha
  2186 | D:3      | Killed Natasha
  2368 | D:4      | Found Sakos's Jewellery Shoppe.
  2411 | D:4      | Noticed Edmund
  2422 | D:4      | Killed Edmund
  2423 | D:4      | Reached skill level 5 in Stealth
  2423 | D:4      | Reached XP level 7. HP: 23/32 MP: 11/11
  2639 | D:4      | Reached skill level 1 in Fighting
  2810 | D:4      | Found Tarhunz's Dragon-Slaying Spoils.
  3086 | D:5      | Entered Level 5 of the Dungeon
  3116 | D:5      | Identified the +4 ring mail of Fyexiym {Rampage}
  3447 | D:5      | Found an opulent altar of Gozag.
  3525 | D:5      | Became a worshipper of Gozag Ym Sagoz the Greedy
  3833 | D:5      | Found a staircase to the Ecumenical Temple.
  3877 | Temple   | Entered the Ecumenical Temple
  4002 | D:6      | Found Qeolo's Antique Armour Shoppe.
  4010 | D:6      | Bought a warped leather armour for 245 gold pieces
  4010 | D:6      | Identified the +5 leather armour of Cimpumuime {rElec rPois
                  | Slay-4} (You bought it in a shop on level 6 of the Dungeon)
  4064 | D:6      | Reached skill level 6 in Stealth
  4064 | D:6      | Gained mutation: You have razor-sharp teeth. [Vine Stalker
                  | growth]
  4064 | D:6      | Reached XP level 8. HP: 39/39 MP: 12/12
  4214 | D:6      | Found a transporter.
  4214 | D:6      | Noticed middlethird's ghost (amateur VSFE)
  4228 | D:6      | Identified the +4 great mace "Ableavol" {pain, ^Contam
                  | Str+5 Stlth+}
  4279 | D:6      | Reached skill level 5 in Hexes
  4460 | D:6      | Found a transporter.
  4550 | D:7      | Noticed shadowrider38's ghost (novice MiFi)
  4577 | D:7      | Found a transporter.
  4646 | D:7      | Found a transporter.
  5083 | D:7      | Reached skill level 7 in Stealth
  5083 | D:7      | Reached XP level 9. HP: 44/44 MP: 11/13
  5238 | D:8      | Reached skill level 1 in Armour
  5291 | D:8      | Reached skill level 5 in Short Blades
  5450 | D:8      | Noticed a two-headed ogre
  5455 | D:8      | Killed a two-headed ogre
  5456 | D:8      | Reached skill level 8 in Stealth
  5509 | D:8      | Reached skill level 5 in Dodging
  5580 | D:8      | Found a hide-covered altar of Uskayaw.
  5580 | D:8      | Found a burning altar of Makhleb.
  5719 | D:8      | Learned a level 2 spell: Blink
  6012 | D:9      | Reached XP level 10. HP: 49/49 MP: 14/14
  6134 | D:9      | Noticed Prince Ribbit
  6137 | D:9      | Killed Prince Ribbit
  6351 | D:9      | Reached skill level 9 in Stealth
  6354 | D:9      | Noticed Maggie
  6382 | D:9      | Killed Maggie
  6481 | D:9      | Paralysed by a hornet for 2 turns
  6649 | D:9      | Noticed Erica
  6684 | D:9      | Killed Erica
  7110 | D:10     | Entered Level 10 of the Dungeon
  7117 | D:10     | Noticed a two-headed ogre
  7133 | D:10     | HP: 2/49 [two-headed ogre/+0 giant spiked club (13)]
  7144 | D:10     | Killed a two-headed ogre
  7145 | D:10     | Reached skill level 10 in Stealth
  7145 | D:10     | Reached XP level 11. HP: 31/52 MP: 7/15
  7293 | D:10     | Found a staircase to the Orcish Mines.
  7436 | D:10     | Found a staircase to the Lair.
  7517 | D:10     | Noticed Maurice
  7572 | D:10     | Killed Maurice
  7957 | Lair:1   | Entered Level 1 of the Lair of Beasts
  8152 | Lair:1   | Reached skill level 11 in Stealth
  8242 | Lair:1   | Identified the +1 buckler of Pathos {rElec rN+ Dex+3}
  8290 | Lair:1   | Noticed a catoblepas
  8313 | Lair:1   | Killed a catoblepas
  8337 | Lair:1   | Reached XP level 12. HP: 55/56 MP: 16/16
  8735 | Lair:1   | Bought a +0 pair of boots of flying for 172 gold pieces
  9508 | Lair:2   | Noticed a death yak
  9508 | Lair:2   | Noticed a death yak
  9508 | Lair:2   | Noticed a death yak
  9508 | Lair:2   | Noticed a death yak
  9508 | Lair:2   | Noticed a death yak
  9508 | Lair:2   | Noticed a death yak
  9520 | Lair:2   | Killed a death yak
  9524 | Lair:2   | Killed a death yak
  9525 | Lair:2   | Reached skill level 12 in Stealth
  9539 | Lair:2   | Killed a death yak
  9547 | Lair:2   | Killed a death yak
  9574 | Lair:2   | Killed a death yak
  9592 | Lair:2   | Killed a death yak
  9611 | Lair:2   | Found a hole to the Spider Nest.
  9814 | Lair:2   | Reached skill level 1 in Evocations
  9957 | Lair:2   | Found a staircase to the Swamp.
  9979 | Lair:2   | Reached skill level 10 in Hexes
  9979 | Lair:2   | Reached XP level 13. HP: 41/60 MP: 15/17
 10622 | Lair:3   | Found a frozen archway.
 10715 | Lair:3   | Reached skill level 10 in Short Blades
 10771 | Lair:3   | Reached skill level 13 in Stealth
 11193 | Lair:3   | Found a runed translucent door.
 11197 | Lair:3   | Found a shimmering altar of Xom.
 11197 | Lair:3   | Noticed zenocrate's ghost (journeyman VSEn)
 11464 | Lair:3   | HP: 1/59 [poisoned by a +0 halberd of chaos]
 11944 | D:4      | Bought +1 swamp dragon scales for 684 gold pieces
 12037 | D:4      | Bought the ring of Moibesko {Will+ Int+5 Stlth+} for 588
                  | gold pieces
 12244 | Lair:4   | Reached skill level 10 in Dodging
 12297 | Lair:4   | You are sucked into a shaft and drop 1 floor!
 12297 | Lair:5   | Entered Level 5 of the Lair of Beasts
 12665 | Lair:5   | Noticed Nessos
 12671 | Lair:5   | Reached skill level 14 in Stealth
 12676 | Lair:5   | Killed Nessos
 12804 | Lair:5   | Reached XP level 14. HP: 65/65 MP: 21/21
 12852 | Lair:4   | Found a transporter.
 12852 | Lair:4   | Found the +2 cloak of the Thief {*Fog Slay-2 SInv Stlth+}
 12903 | Lair:4   | Found a transporter.
 13160 | Lair:4   | Found a staircase to the Slime Pits.
 13161 | Lair:4   | Found a viscous altar of Jiyva.
 13351 | Lair:4   | Noticed Urug
 13355 | Lair:4   | Killed Urug
 13566 | Lair:4   | HP: 3/65 [swamp worm/harpoon shot (7)]
 13566 | Lair:4   | Collided with a briar patch

Illustrated notes

Levels and vault maps discovered:
D:1:      dpeg_arrival_solitude, layout_basic
D:2:      layout_loops_cross, uniq_sigmund
D:3:      layout_rooms, mainiacjoe_overflow_brackets, kiku_gazebo_garden_becter,
          uniq_natasha, uniq_robin
D:4:      cheibrodos_old_hovel, layout_basic, serial_shops, nicolae_shop_stone,
          nicolae_shop_dragon_depot, nicolae_kite_square_tiling_tiny,
          kennysheep_generic_room_3, uniq_edmund
D:5:      layout_layer_cave, lemuel_coloured_pillars_altar,
          minmay_temple_entry_hall
D:6:      layout_cave_pools, gammafunk_ghost_smash, serial_shops, shop
D:7:      layout_loops_ring, nzn_ghost_randoct
D:8:      layout_rooms, gammafunk_temple_overflow_statue
D:9:      layout_basic, uniq_maggie, uniq_prince_ribbit1, uniq_erica
D:10:     layout_long_grid, due_lair_maze_entry_diamond, orc_0_dummy,
          uniq_maurice
Temple:   minmay_crystal_spiral_temple
Lair:1:   layout_cave_pods
Lair:2:   layout_cave_pods, skrybe_swamp_entry_bodies,
          hellmonk_spider_entry_not_the_bees, minmay_stone_trees_small
Lair:3:   layout_big_grid, ebering_ghost_xom, portal_ice_cave_entry_imps
Lair:4:   gammafunk_worm_tunnel, layout_concentric_octagons, slime_entry_1,
          uniq_urug
Lair:5:   cheibrodos_lair_end_hotspot, layout_regular_city,
          minmay_shattered_shrine, uniq_nessos

Skill      XL: |  1  2  3  4  5  6  7  8  9 10 11 12 13 |
---------------+----------------------------------------+-----
Short Blades   | 1 2 3 4 5 7 8 9 10 | 10.9
Stealth        | 4 5 6 7 8 10 11 12 14 | 14.3
Dodging        | 2 3 4 5 7 8 9 10 | 10.5
Ice Magic      | 1 2 3 4 |  4.0
Hexes          | 4 5 6 7 8 10 11 | 11.2
Fighting       | 2 3 |  3.0
Armour         | 2 3 |  3.1
Evocations     | 1 3 |  3.7
Spellcasting   | 4 |  4.1

Action                     |  1- 3 |  4- 6 |  7- 9 | 10-12 | 13-15 || total
---------------------------+-------+-------+-------+-------+-------++-------
  Melee: Dagger            |    13 |    46 |    12 |       |       ||    71
         Short sword       |    55 |    81 |   293 |   472 |   325 ||  1226
         Bite              |    13 |    40 |    82 |   163 |   113 ||   411
         Punch             |     2 |     5 |     8 |     2 |       ||    17
   Cast: Ensorcelled Hiber |     6 |     7 |    13 |    84 |    57 ||   167
         Confusing Touch   |       |     1 |     1 |    18 |     5 ||    25
         Tukima's Dance    |       |       |       |     1 |       ||     1
 Invoke: Potion Petition   |       |       |       |     1 |       ||     1
         Call Merchant     |       |       |       |     1 |       ||     1
  Evoke: Wand              |       |       |     2 |     4 |     2 ||     8
    Use: Potion            |       |     1 |       |       |     1 ||     2
         Scroll            |       |       |     6 |     1 |    10 ||    17
   Stab: Sleeping          |     4 |    10 |    17 |    64 |    60 ||   155
         Invisible         |       |     3 |     1 |     2 |     2 ||     8
         Confused          |       |     1 |       |    12 |     6 ||    19
         Distracted        |       |       |     1 |     8 |     1 ||    10
         Petrified         |       |       |       |     5 |       ||     5
 Armour: Robe              |    43 |    63 |     7 |       |       ||   113
         Ring mail         |       |       |   171 |   239 |   114 ||   524
         Swamp dragon scal |       |       |       |       |    89 ||    89
  Dodge: Dodged            |    46 |    79 |   188 |   324 |   289 ||   926
